 Dungeon Crawl Stone Soup version 0.24.0-28-g17ded55e90 (webtiles) character file.

Game seed: 11466655284828235512, levelgen mode: deterministic

873 McKennaii the Chopper (level 7, -19/55 HPs)
             Began as a Demonspawn Fighter on Nov 13, 2019.
             Demolished by an ogre
             ... wielding a +0 giant club
              (26 damage)
             ... on level 5 of the Dungeon.
             The game lasted 00:07:19 (3849 turns).

McKennaii the Chopper (Demonspawn Fighter)          Turns: 3849, Time: 00:07:19

Health: -19/55     AC:  9    Str: 19    XL:     7   Next: 74%
Magic:  7/7        EV: 10    Int:  9    God:
Gold:   273        SH: 12    Dex: 12    Spells: 6/6 levels left

rFire    . . .     SeeInvis .   a - +0 war axe
rCold    . . .     Gourm    .   c - +0 shield
rNeg     . . .     Faith    .   b - +0 scale mail
rPois    +         Spirit   .   t - +0 helmet
rElec    .         Reflect  +   (no cloak)
rCorr    .         Harm     .   s - +0 pair of gloves
MR       .....                  (no boots)
Stlth    ..........             m - +3 amulet of reflection
HPRegen  0.18/turn              l - ring of poison resistance
MPRegen  0.10/turn              (no ring)

@: no status effects
A: talons 1, repulsion field 1, spiny 2
a: no special abilities


You were on level 5 of the Dungeon.
You were very hungry.

You visited 2 branches of the dungeon, and saw 6 of its levels.

You collected 273 gold pieces.

Inventory:

Hand Weapons
 a - a +0 war axe (weapon)
Armour
 b - a +0 scale mail (worn)
 c - a +0 shield (worn)
 s - a +0 pair of gloves (worn)
 t - a +0 helmet (worn)
Jewellery
 l - a ring of poison resistance (left hand)
 m - a +3 amulet of reflection (around neck)
 u - an uncursed ring of ice
Scrolls
 e - 3 scrolls of teleportation {unknown}
 g - 3 scrolls of fog {unknown}
 h - a scroll of fear {unknown}
 k - 4 scrolls of remove curse {unknown}
 n - 6 scrolls of identify {unknown}
 q - a scroll of noise {unknown}
 v - a scroll of magic mapping {unknown}
 w - 2 scrolls of enchant weapon {unknown}
 y - a scroll of enchant armour {unknown}
 z - a scroll of blinking {unknown}
Potions
 d - a potion of might
 i - a potion of mutation {unknown}
 j - 4 potions of curing {unknown}
 o - a potion of ambrosia {unknown}
 p - a potion of lignification {unknown}
 r - 2 potions of agility {unknown}
 x - a potion of magic {unknown}
Comestibles
 f - 13 rations


   Skills:
 + Level 4.3 Fighting
 + Level 5.1 Axes
 + Level 4.6 Armour
 + Level 1.5 Dodging
 + Level 0.2 Stealth
 + Level 4.5 Shields


You had 6 spell levels left.
You didn't know any spells.
Your spell library was empty.

Dungeon Overview and Level Annotations

Branches:
Dungeon (5/15)             Temple (1/1) D:4

Altars:
Ashenzari
Cheibriados
Dithmenos
Elyvilon
Gozag
Hepliaklqana
Kikubaaqudgha
Nemelex Xobeh
Qazlal
Ru
Sif Muna
Trog
Uskayaw
Vehumet
Wu Jian
Xom
Yredelemnul
The Shining One

Shops:
D:4 :


Innate Abilities, Weirdness & Mutations

You have sharp toenails.
You are surrounded by a mild repulsion field. (EV +2)
You are mostly covered in sharp spines.


Message History

The ogre is struck by your spines. The ogre hits you with a +0 giant club!
You are feeling very hungry.
You hit the ogre but do no damage. You claw the ogre.
The ogre is heavily wounded.
The ogre hits you with a +0 giant club!
Your shield prevents you from hitting the ogre.
The ogre is heavily wounded.
The ogre hits you with a +0 giant club!
You are too injured to fight recklessly!
You are too injured to fight recklessly!
You are too injured to fight recklessly!
You are too injured to fight recklessly!
You hit the ogre. You claw the ogre.
The ogre is severely wounded.
The ogre is struck by your spines. The ogre hits you with a +0 giant club!
* * * LOW HITPOINT WARNING * * *
You barely miss the ogre.
The ogre is severely wounded.
The ogre hits you with a +0 giant club!!
You die...

###.......#............# #.#
................(......# #.#
.............##........###.#
.............##.......#....#
..................^........#
.>....#.#........#..###.####
......#.#.......##..# #.#
#...#.#.............# #.###
#.#.#.#.#.......@...# ###.#
#.....#.#.#..#.O.#..#####.#
##......................#.####
##..#...............#####....#
....................#####.####
.#........##.#.#.##.......#
..........##.#.#.....####.#
.................##..####.#
.##.#.....................#


You could see an ogre.

Vanquished Creatures
  An ice beast (D:5)
  2 ogres
  A water moccasin zombie (D:5)
  A scorpion (D:4)
  4 crimson imps (D:5)
  A bullfrog skeleton (D:5)
  A hound (D:5)
  An iguana (D:4)
  An orc wizard (D:5)
  3 worker ants
  Robin (D:2)
  A gnoll (D:1)
  6 adders
  An ooze (D:1)
  3 worms
  3 dart slugs
  2 leopard geckos
  4 orcs
  8 bats
  A giant cockroach (D:2)
  15 hobgoblins
  4 jackals (D:2)
  8 kobolds
  A quokka (D:2)
  3 ball pythons
  5 frilled lizards
  18 goblins
  A jackal skeleton (D:4)
  7 rats
108 creatures vanquished.

Notes
Turn   | Place    | Note
-------+----------+-------------------------------------------
     0 | D:1      | McKennaii the Demonspawn Fighter began the quest for the
                  | Orb.
     0 | D:1      | Reached XP level 1. HP: 18/18 MP: 1/1
   146 | D:1      | Gained mutation: You are surrounded by a mild repulsion
                  | field. (EV +2) [demonic ancestry]
   146 | D:1      | Reached XP level 2. HP: 24/24 MP: 2/2
   249 | D:1      | Reached skill level 2 in Axes
   454 | D:1      | Reached XP level 3. HP: 26/29 MP: 3/3
   739 | D:2      | Noticed Robin
   754 | D:2      | Killed Robin
   754 | D:2      | Reached XP level 4. HP: 35/35 MP: 4/4
  1498 | D:2      | Reached skill level 1 in Dodging
  1674 | D:2      | Gained mutation: You have sharp toenails. [demonic
                  | ancestry]
  1674 | D:2      | Reached XP level 5. HP: 42/42 MP: 5/5
  2077 | D:3      | Reached skill level 3 in Axes
  2441 | D:4      | Noticed an ogre
  2534 | D:4      | Found Orro's Book Shop.
  2578 | D:4      | Found a staircase to the Ecumenical Temple.
  2587 | Temple   | Entered the Ecumenical Temple
  2869 | D:5      | Entered Level 5 of the Dungeon
  2877 | D:5      | Gained mutation: You are partially covered in sharp spines.
                  | [demonic ancestry]
  2877 | D:5      | Reached XP level 6. HP: 44/48 MP: 6/6
  2909 | D:5      | Reached skill level 4 in Axes
  3071 | D:5      | Noticed an ice beast
  3081 | D:5      | Killed an ice beast
  3081 | D:5      | Gained mutation: You are mostly covered in sharp spines.
                  | [demonic ancestry]
  3081 | D:5      | Reached XP level 7. HP: 32/54 MP: 7/7
  3484 | D:5      | Reached skill level 5 in Axes
  3849 | D:5      | Demolished by an ogre

Levels and vault maps discovered:
D:1:      dpeg_arrival_arbitrary_c, layout_loops_ring,
          hangedman_decor_peaks_small, serial_bayou_pond_b,
          grunt_decor_fettered, minmay_misc_feat_hallway, corexii_hall_statues_l
D:2:      layout_basic, uniq_robin
D:3:      layout_loops_ring, first_ration
D:4:      layout_rooms, temple_fountains, serial_shops, shop
D:5:      kennysheep_spiral_hall, layout_basic
Temple:   hc_temple_tempest_star

Skill      XL: |  1  2  3  4  5  6  7 |
---------------+----------------------+-----
Armour         | 3 4 |  4.6
Axes           | 2 3 4 5 |  5.1
Shields        | 3 4 |  4.5
Dodging        | 1 |  1.5
Fighting       | 4 |  4.3
Stealth        | |  0.2

Action                   |  1- 3 |  4- 6 |  7- 9 || total
-------------------------+-------+-------+-------++-------
Melee: War axe           |   103 |   181 |    44 ||   328
       Kick              |       |    17 |    15 ||    32
  Eat: Chunk             |       |     8 |     1 ||     9
Armor: Scale mail        |    59 |    53 |     5 ||   117
Dodge: Dodged            |    47 |    54 |    12 ||   113
Block: Shield            |    75 |   116 |    25 ||   216
       Reflection        |       |     7 |     3 ||    10
